AoeStats
← Ulu_get

Arena

509913628Analyzed
3v3 RM · 3d ago on Sep 28, 2026· 61m 30s· 6 players
Game mode
Random Map
Map size
Normal (6 player)
Population
200
Speed
Normal
Resources
Standard
Victory
Conquest
Starting age
Dark Age
Ending age
Imperial Age
RankedLock teamsTeams togetherTeam positionsShared explorationLock speedFull tech treeHidden civsTurbo modeCheats
Victory
Defeat
🇫🇷 Khmer · France
1323
+17
🇬🇧 Maya · United Kingdom
1320
+17
1311
+17
🇹🇷 Byzantines · Türkiye
1416
-20
🇹🇷 Burgundians · Türkiye
1338
-17
🇹🇷 Danes · Türkiye
1261
-14
BigTontonP
10:43 Feudal Age
11:36 Loom
14:42 Castle Age
13:03 Double-Bit Axe
13:25 Horse Collar
16:36 Bow Saw
16:37 Heavy Plow
22:08 Gold Mining
23:48 Wheelbarrow
29:10 Imperial Age
26:48 Scale Barding Armor
26:54 Forging
27:38 Gold Shaft Mining
26:53 Stone Mining
27:16 Fletching
28:07 Husbandry
28:18 Bloodlines
28:45 Hand Cart
28:48 Tusk Swords
29:16 Chain Barding Armor
29:32 Iron Casting
30:16 Conscription
30:22 Elite Battle Elephant
33:09 Stone Shaft Mining
34:24 Plate Barding Armor
35:22 Bodkin Arrow
36:28 Blast Furnace
37:46 Light Cavalry
46:03 Hussar
Saber
0:31 Loom
9:36 Feudal Age
11:06 Feudal Age
15:12 Castle Age
16:10 Horse Collar
16:17 Double-Bit Axe
17:04 Heavy Plow
19:32 Bow Saw
21:23 Wheelbarrow
20:42 Town Watch
21:41 Wheelbarrow
24:53 Gold Mining
26:06 Hand Cart
27:28 Fletching
27:48 Stone Mining
31:19 Imperial Age
29:05 Bodkin Arrow
29:11 Padded Archer Armor
29:13 Scale Mail Armor
30:27 Forging
30:44 Leather Archer Armor
30:40 Murder Holes
30:55 Fortified Wall
31:08 Ballistics
31:34 Chain Mail Armor
31:54 Iron Casting
31:11 Crossbowman
31:56 Thumb Ring
32:05 Arbalester
32:46 Bracer
33:58 Ring Archer Armor
34:30 Chemistry
33:54 Conscription
35:30 Blast Furnace
35:00 Plate Mail Armor
34:07 Man-at-Arms
34:08 Pikeman
35:30 Halberdier
35:39 Capped Ram
36:42 Siege Ram
40:34 Guilds
43:39 Blast Furnace
42:41 Squires
42:27 Arson
45:12 Murder Holes
44:57 Treadmill Crane
45:27 Masonry
45:21 Eagle Warrior
46:51 Elite Eagle Warrior
48:52 Conscription
49:28 Hul'che Javelineers
50:11 Holcans
50:33 Elite Skirmisher
[LaRac] NiceGoldI'llTakeIt
11:34 Feudal Age
12:25 Double-Bit Axe
12:21 Horse Collar
15:45 Castle Age
16:48 Bow Saw
16:39 Heavy Plow
18:06 Wheelbarrow
21:08 Gold Mining
21:06 Loom
23:08 Hand Cart
24:22 Fletching
24:34 Padded Archer Armor
28:27 Imperial Age
25:55 Bodkin Arrow
27:03 Yeomen
27:13 Ballistics
27:01 Town Watch
27:48 Leather Archer Armor
27:47 Stone Mining
29:16 Bracer
29:47 Ring Archer Armor
29:40 Conscription
29:45 Squires
31:20 Chemistry
30:26 Siege Engineers
30:19 Elite Longbowman
31:18 Onager
33:20 Hoardings
34:01 Pikeman
34:26 Gambesons
34:42 Scale Mail Armor
34:53 Forging
35:28 Capped Ram
36:49 Chain Mail Armor
37:09 Iron Casting
38:37 Guilds
38:28 Caravan
39:08 Plate Mail Armor
41:47 Blast Furnace
40:53 Scale Barding Armor
42:05 Halberdier
45:09 Coinage
46:05 Chain Barding Armor
51:55 Banking
tetikçi
4:53 Double-Bit Axe
6:52 Horse Collar
11:05 Feudal Age
15:17 Castle Age
14:00 Bow Saw
16:24 Heavy Plow
18:08 Wheelbarrow
17:29 Loom
22:44 Gold Mining
24:41 Hand Cart
28:14 Imperial Age
26:19 Scale Barding Armor
26:53 Forging
27:59 Gold Shaft Mining
27:29 Cavalier
28:09 Husbandry
28:36 Chain Barding Armor
28:52 Iron Casting
28:56 Stone Mining
28:58 Paladin
30:15 Plate Barding Armor
29:05 Light Cavalry
31:00 Chemistry
30:12 Fortified Wall
30:13 Masonry
29:59 Town Watch
31:46 Blast Furnace
30:37 Fletching
30:29 Hussar
32:10 Ballistics
31:47 Murder Holes
32:38 Burgundian Vineyards
33:01 Conscription
33:57 Two-Man Saw
33:35 Scale Mail Armor
32:57 Pikeman
33:38 Squires
33:49 Halberdier
35:06 Chain Mail Armor
34:46 Bodkin Arrow
41:14 Padded Archer Armor
41:15 Bracer
41:21 Arson
42:09 Plate Mail Armor
43:55 Stone Shaft Mining
42:53 Crossbowman
49:11 Caravan
51:29 Elite Skirmisher
54:23 Leather Archer Armor
58:32 Crop Rotation
JoyStick
10:37 Feudal Age
14:43 Castle Age
12:54 Double-Bit Axe
13:28 Horse Collar
14:22 Gold Mining
15:51 Bow Saw
17:00 Loom
21:49 Wheelbarrow
23:22 Heavy Plow
23:30 Stone Mining
24:37 Hand Cart
25:22 Forging
25:12 Scale Mail Armor
25:03 Fletching
25:13 Padded Archer Armor
25:26 Treadmill Crane
26:23 Squires
26:08 Arson
27:45 Iron Casting
27:25 Chain Mail Armor
27:28 Bodkin Arrow
26:57 Elite Skirmisher
28:25 Gold Shaft Mining
28:26 Stone Shaft Mining
28:40 Leather Archer Armor
29:26 Coinage
29:45 Ballistics
29:20 Murder Holes
29:35 Fortified Wall
33:19 Imperial Age
32:18 Thumb Ring
32:32 Gambesons
33:05 Scale Barding Armor
35:02 Chemistry
34:02 Bracer
34:32 Ring Archer Armor
34:33 Plate Mail Armor
34:25 Conscription
34:15 Logistica
34:19 Elite Varangian Guard
36:38 Chain Barding Armor
38:13 Banking
39:00 Plate Barding Armor
37:58 Light Cavalry
38:38 Husbandry
39:20 Husbandry
38:41 Hussar
45:17 Crop Rotation
45:48 Two-Man Saw
47:00 Hoardings
47:37 Elite Cataphract
52:15 Pikeman
55:48 Cavalier
Ulu_get
1:11 Loom
9:40 Feudal Age
14:02 Castle Age
12:31 Double-Bit Axe
12:31 Horse Collar
15:32 Bow Saw
21:57 Heavy Plow
22:00 Gold Mining
22:52 Wheelbarrow
23:27 Gold Shaft Mining
23:58 Stone Mining
24:45 Hand Cart
27:27 Imperial Age
25:23 Loom
26:15 Stone Shaft Mining
25:43 Scale Mail Armor
25:53 Forging
26:34 Masonry
26:22 Murder Holes
26:58 Ballistics
27:11 Town Watch
27:42 Chain Mail Armor
28:03 Iron Casting
28:07 Town Patrol
29:24 Chemistry
28:10 Arrowslits
29:02 Plate Mail Armor
29:11 Squires
28:56 Gambesons
28:57 Arson
30:40 Blast Furnace
29:30 Fletching
30:11 Conscription
29:13 Hamask
32:19 Murder Holes
32:34 Elite Jomsviking
33:52 Hoardings
33:36 Bodkin Arrow
38:28 Bracer
39:30 Padded Archer Armor
41:30 Leather Archer Armor
40:45 Elite Varangian Guard
41:01 Elite Skirmisher
41:47 Thumb Ring
46:47 Ring Archer Armor
49:04 Caravan
Connection lost

Rejoining the realm…

Still unreachable

The connection could not be restored.

Session expired

The server has moved on; the page needs a fresh start.